 Dungeon Crawl Stone Soup version 0.23-a0-667-gc184e93 (console) character file.

622 Duffy the Conjurer (level 7, -5/46 HPs)
             Began as a Demonspawn Fire Elementalist on Jan 8, 2019.
             Slain by an ice beast (14 damage)
             ... on level 5 of the Dungeon.
             The game lasted 00:05:34 (5311 turns).

Duffy the Conjurer (Demonspawn Fire Elementalist)   Turns: 5311, Time: 00:05:35

Health: -5/46      AC:  2    Str:  8    XL:     7   Next: 22%
Magic:  0/13       EV: 12    Int: 18    God:
Gold:   233        SH:  0    Dex: 14    Spells: 6/14 levels left

rFire    . . .     SeeInvis .   k - +2 short sword (venom)
rCold    . . .     Gourm    .   (no shield)
rNeg     . . .     Faith    .   a - +0 robe
rPois    .         Spirit   .   (no helmet)
rElec    .         Reflect  .   (no cloak)
rCorr    .         Harm     .   (no gloves)
MR       .....                  (no boots)
Stlth    ++++......             (no amulet)
HPRegen  0.15/turn              (no ring)
MPRegen  0.13/turn              (no ring)

@: very slightly contaminated
A: nightstalker 2
a: no special abilities


You were on level 5 of the Dungeon.
You were hungry.

You visited 1 branch of the dungeon, and saw 5 of its levels.

You collected 233 gold pieces.

Inventory:

Hand Weapons
 k - a +2 short sword of venom (weapon)
Armour
 a - a +0 robe (worn)
 o - a +1 ring mail of cold resistance
Wands
 l - a wand of disintegration (10)
Scrolls
 d - 3 scrolls of teleportation {unknown}
 h - 6 scrolls of identify {unknown}
 i - 3 scrolls of remove curse {unknown}
 m - a scroll of fog {unknown}
Potions
 b - a potion of brilliance {unknown}
 e - 2 potions of heal wounds
 f - 2 potions of flight {unknown}
 g - a potion of mutation {unknown}
 j - 2 potions of agility {unknown}
Comestibles
 c - 5 rations
 n - a chunk of flesh


   Skills:
 - Level 1.7 Dodging
 - Level 1.7 Stealth
 + Level 4.2 Spellcasting
 + Level 4.9 Conjurations
 + Level 4.2 Fire Magic
 - Level 2.0 Evocations


You had 6 spell levels left.
You knew the following spells:

 Your Spells              Type           Power        Failure   Level  Hunger
h - Flame Tongue          Conj/Fire      ###..        2%          1    None
j - Sticky Flame          Conj/Fire      ###.....     22%         4    ####...
l - Conjure Flame         Conj/Fire      ###.....     6%          3    ###....

Your spell library contained the following spells:

 Spells                   Type           Power        Failure   Level  Hunger
 Throw Flame              Conj/Fire      ###...       3%          2    ##.....
 Inner Flame              Hex/Fire       ##......     19%         3    ###....
 Fireball                 Conj/Fire      ###.......   52%         5    ######.


Dungeon Overview and Level Annotations

Branches:
Dungeon (5/15)
 Temple: D:4-7

Altars:
Nemelex Xobeh
Okawaru


Innate Abilities, Weirdness & Mutations

You are significantly more attuned to the shadows.


Message History

Casting: Conjure Flame (safe; 6% risk of failure)
Confirm with . or Enter, or press ? or * to list all spells.
Aiming: Sticky Flame (slightly dangerous; 22% risk of failure)
Press: ? - help, Shift-Dir - straight line, f - ice beast
Aim: an ice beast (moderately wounded)
You miscast Sticky Flame.
You are very lightly contaminated with residual magic.
Heat runs through your body.
The orc hits you from afar with a +1 trident of flaming.
The orc burns you. The ice beast hits you. The ice beast freezes you.
Casting: Sticky Flame (slightly dangerous; 22% risk of failure)
Confirm with . or Enter, or press ? or * to list all spells.
Aiming: Sticky Flame (slightly dangerous; 22% risk of failure)
Press: ? - help, Shift-Dir - straight line, f/p - ice beast
Aim: an ice beast (moderately wounded)
The sticky flame hits the ice beast.
The ice beast melts!
The ice beast is moderately wounded.
The ice beast is covered in liquid flames!
The ice beast burns!
The ice beast hits you. The ice beast freezes you!
You die...

######
........#....#
............#....#
.............#....#
......?......#..@.+
........[....#.Y..#
.......)..<..#o...#
5...)....(%)))....#
#
####..########+###
#.####..# >.......#
..Y)....# ........#


You could see an ice beast (burning) and an orc.

Vanquished Creatures
  Sigmund (D:4)
  Dowan (D:4)
  A jelly (D:5)
  A hound (D:4)
  Jessica (D:2)
  An iguana (D:4)
  3 orc wizards
  2 worker ants
  An adder (D:2)
  5 oozes
  3 worms
  A dart slug (D:1)
  4 leopard geckos
  19 orcs
  8 bats
  4 giant cockroaches
  9 goblins
  12 hobgoblins
  13 jackals
  2 quokkas
  2 ball pythons
  8 frilled lizards
  4 kobolds
  10 rats
116 creatures vanquished.

Notes
Turn   | Place    | Note
-------+----------+-------------------------------------------
     0 | D:1      | Duffy the Demonspawn Fire Elementalist began the quest for
                  | the Orb.
     0 | D:1      | Reached XP level 1. HP: 13/13 MP: 3/3
   201 | D:2      | Noticed Jessica
   202 | D:2      | Killed Jessica
   202 | D:2      | Gained mutation: You are slightly more attuned to the
                  | shadows. [demonic ancestry]
   202 | D:2      | Reached XP level 2. HP: 19/19 MP: 3/5
   202 | D:2      | Reached XP level 3. HP: 24/24 MP: 3/6
   227 | D:1      | Learned a level 3 spell: Conjure Flame
  1424 | D:2      | Found a sparkling altar of Nemelex Xobeh.
  1433 | D:2      | Reached XP level 4. HP: 16/30 MP: 0/7
  2680 | D:2      | Learned a level 4 spell: Sticky Flame
  3023 | D:3      | Reached skill level 1 in Evocations
  3023 | D:3      | Gained mutation: You are significantly more attuned to the
                  | shadows. [demonic ancestry]
  3023 | D:3      | Reached XP level 5. HP: 30/35 MP: 9/9
  4396 | D:4      | Found an iron altar of Okawaru.
  4476 | D:4      | Reached XP level 6. HP: 24/41 MP: 0/11
  4973 | D:4      | Noticed Sigmund
  4979 | D:4      | Killed Sigmund
  5035 | D:4      | Noticed Dowan
  5057 | D:4      | Killed Dowan
  5057 | D:4      | Reached XP level 7. HP: 15/46 MP: 8/13
  5063 | D:5      | Entered Level 5 of the Dungeon
  5311 | D:5      | Slain by an ice beast

Vault maps used:
D:1:      noname_arrival_rooms_in_the_neighbourhood
D:2:      ebering_dispersal_statue_hall, nemelex_dance_club_becter, uniq_jessica
D:3:      minmay_fractal_squares_gapless_5
D:4:      xom_teletrap_fun, okawaru_gym_becter, uniq_duvessa, uniq_sigmund
D:5:      minmay_recursive_quarters, serial_shops, shop, basic_altar,
          first_ration, uniq_crazy_yiuf_cottage

Skill      XL: |  1  2  3  4  5  6 |
---------------+-------------------+-----
Conjurations   | 3 4 |  4.9
Fire Magic     | 3 4 |  4.2
Evocations     | 1 2 |  2.0
Spellcasting   | 3 4 |  4.2
Dodging        | |  1.7
Stealth        | |  1.7

Action                   |  1- 3 |  4- 6 |  7- 9 || total
-------------------------+-------+-------+-------++-------
Melee: Unarmed           |     5 |       |       ||     5
       Club              |    25 |     5 |       ||    30
       Short sword       |       |   159 |    10 ||   169
 Cast: Flame Tongue      |    49 |    48 |     6 ||   103
       Conjure Flame     |       |     1 |     1 ||     2
       Sticky Flame      |       |     2 |     2 ||     4
  Use: Potion            |       |     1 |       ||     1
 Stab: Sleeping          |       |    13 |       ||    13
  Eat: Chunk             |     2 |    12 |     1 ||    15
Armor: Robe              |    17 |    24 |     2 ||    43
Dodge: Dodged            |    51 |   119 |     8 ||   178

Table legend:
 A = Non-vault XP
 B = Vault XP
 C = Vault XP percentage of total XP
 D = Non-vault monster count
 E = Vault monster count
 F = Vault count percentage of total count
                 A         B        C        D         E       F
            +---------+---------+-------+---------+---------+-------
      Total |     512 |     377 |  42.4 |     106 |      10 |   8.6
            +---------+---------+-------+---------+---------+-------
        D:1 |      44 |       0 |   0.0 |      26 |       0 |   0.0
        D:2 |      65 |      47 |  42.0 |      25 |       3 |  10.7
        D:3 |      82 |      40 |  32.8 |      32 |       5 |  13.5
        D:4 |     218 |     290 |  57.1 |      15 |       2 |  11.8
        D:5 |     103 |       0 |   0.0 |       8 |       0 |   0.0
            +---------+---------+-------+---------+---------+-------
